 Dungeon Crawl Stone Soup version 0.23.2-30-g0e89c35649 (webtiles) character file.

Game seed: 14645247204180762910

1413 Helmwulf the Shield-Bearer (level 8, -5/70 HPs)
             Began as a Minotaur Fighter on June 7, 2019.
             Killed by divine providence
             ... invoked by an orc priest
              (15 damage)
             ... on level 6 of the Dungeon.
             The game lasted 00:23:19 (4896 turns).

Helmwulf the Shield-Bearer (Minotaur Fighter)       Turns: 4896, Time: 00:23:22

Health: -5/70      AC:  7    Str: 23    XL:     8   Next: 43%
Magic:  7/7        EV:  9    Int:  5    God:
Gold:   279        SH: 10    Dex: 10    Spells: 7/7 levels left

rFire    . . .     SeeInvis .   J - +2 long sword (vamp)
rCold    . . .     Gourm    .   c - +0 shield
rNeg     . . .     Faith    .   b - +0 scale mail
rPois    .         Spirit   .   (helmet restricted)
rElec    .         Reflect  .   (no cloak)
rCorr    .         Harm     .   (no gloves)
MR       .....                  (no boots)
Stlth    ..........             (no amulet)
HPRegen  0.21/turn              (no ring)
MPRegen  0.10/turn              (no ring)

@: lethally poisoned (-5 -> -25)
A: retaliatory headbutt, horns 2
a: no special abilities


You were on level 6 of the Dungeon.
You were hungry.

You visited 2 branches of the dungeon, and saw 7 of its levels.

You collected 279 gold pieces.

Inventory:

Hand Weapons
 a - a +0 war axe
 j - a +0 hunting sling
 k - a +0 dagger
 o - a +0 dagger
 s - a +3 spear
 B - a +0 falchion
 J - a +2 vampiric long sword (weapon)
Missiles
 l - 10 tomahawks (quivered)
 n - 136 stones
 u - 63 bolts
 z - 15 poisoned needles
Armour
 b - a +0 scale mail (worn)
 c - a +0 shield (worn)
 t - a +0 helmet
 y - a +2 robe of cold resistance
 A - a +0 cloak
 C - a +0 scale mail
Jewellery
 w - an uncursed amulet of guardian spirit {unknown}
 x - a +4 ring of evasion {unknown}
 K - an uncursed amulet of rage {unknown}
Wands
 N - a wand of paralysis (9)
Scrolls
 g - 2 scrolls of teleportation {unknown}
 h - 2 scrolls of fog {unknown}
 i - 5 scrolls of remove curse {unknown}
 m - a scroll of fear {unknown}
 p - a scroll of magic mapping {unknown}
 q - 6 scrolls of identify {unknown}
 v - 3 scrolls of enchant weapon {unknown}
 D - 2 scrolls of immolation {unknown}
 M - a scroll of amnesia {unknown}
 O - a scroll of holy word {unknown}
Potions
 d - 2 potions of might
 e - a potion of berserk rage {unknown}
 r - a potion of agility {unknown}
 E - 2 potions of brilliance {unknown}
 F - 3 potions of lignification {unknown}
 G - a potion of curing {unknown}
 H - a potion of magic {unknown}
 I - a potion of flight {unknown}
 L - a potion of cancellation {unknown}
Comestibles
 f - 10 rations


   Skills:
 + Level 6.0 Fighting
 + Level 6.1 Long Blades
 + Level 3.7(4.2) Axes
 + Level 2.6(3.6) Polearms
 + Level 6.6 Armour
 + Level 2.5 Dodging
 + Level 0.3 Stealth
 + Level 6.7 Shields


You had 7 spell levels left.
You didn't know any spells.
Your spell library was empty.

Dungeon Overview and Level Annotations

Branches:
Dungeon (6/15)             Temple (1/1) D:4

Altars:
Ashenzari
Cheibriados
Dithmenos
Elyvilon
Fedhas
Gozag
Hepliaklqana
Kikubaaqudgha
Nemelex Xobeh
Okawaru
Qazlal
Ru
Sif Muna
Trog
Uskayaw
Vehumet
Wu Jian
Xom
Yredelemnul
Zin
The Shining One

Shops:
D:5 [[*

Annotations:
D:4 2 transporters
D:6 Dowan


Innate Abilities, Weirdness & Mutations

You reflexively headbutt those who attack you in melee.
You have a pair of horns on your head.


Message History

* * * LOW HITPOINT WARNING * * *
You feel very sick.
Dowan says, "Her death will not be in vain!"
Dowan mumbles some strange words.
Dowan blinks!
* * * LOW HITPOINT WARNING * * *
You feel sick.
Dowan says, "Her death will not be in vain!"
* * * LOW HITPOINT WARNING * * *
You feel very sick.
* * * LOW HITPOINT WARNING * * *
You feel sick.
You hit the orc warrior but do no damage.
You headbutt the orc warrior.
The orc warrior is lightly wounded.
* * * LOW HITPOINT WARNING * * *
You feel sick. You block the orc warrior's attack.
The orc priest calls down the wrath of Beogh upon you.
Beogh smites you!
You die...

#...# ######## #...#
...#... .......## #...#
#........ ........# #...#
#..$.....
.....#..####...####...?....
.....#.)#..'.....##........
<.##.#....##.....##........
..##.#.#...#.....##........
.......+........@oeo.......
..####.#...##....##c######
..# #.#...##....##)# .##
#.#...##....##o# .#
#.##...#.....#c# ##
#.#.#.....#.# ......#.#
#.##...... #.#


You could see an orc warrior, Dowan, a centaur and an orc priest.

Vanquished Creatures
  Sigmund (D:4)
  Duvessa (D:6)
  2 ogres (D:4)
  2 bullfrogs (D:6)
  3 scorpions
  A howler monkey (D:4)
  A hound (D:4)
  A bullfrog zombie (D:6)
  2 jellies (D:3)
  A bullfrog skeleton (D:4)
  4 orc wizards (D:4)
  Jessica (D:3)
  Terence (D:3)
  5 worker ants
  A hound skeleton (D:4)
  5 adders
  A shadow imp (D:6)
  10 oozes (D:3)
  4 worms
  2 dart slugs
  5 leopard geckos
  13 orcs
  15 giant cockroaches
  11 goblins
  5 hobgoblins
  7 jackals
  3 quokkas
  5 bats
  2 frilled lizards
  14 kobolds
  A leopard gecko skeleton (D:4)
  7 rats
  7 fungi (D:3)
144 creatures vanquished.

Vanquished Creatures (others)
  6 toadstools (D:3)
6 creatures vanquished.

Grand Total: 150 creatures vanquished

Notes
Turn   | Place    | Note
-------+----------+-------------------------------------------
     0 | D:1      | Helmwulf the Minotaur Fighter began the quest for the Orb.
     0 | D:1      | Reached XP level 1. HP: 19/19 MP: 0/0
   346 | D:1      | Reached XP level 2. HP: 26/27 MP: 1/1
   911 | D:2      | Reached XP level 3. HP: 34/34 MP: 2/2
   985 | D:2      | Found a white marble altar of Elyvilon.
  1572 | D:3      | Reached XP level 4. HP: 41/41 MP: 3/3
  1645 | D:3      | Noticed Jessica
  1656 | D:3      | Killed Jessica
  1656 | D:3      | Reached skill level 1 in Polearms
  1656 | D:3      | Reached skill level 1 in Dodging
  1747 | D:3      | Noticed Terence
  1773 | D:3      | Killed Terence
  1773 | D:3      | Reached XP level 5. HP: 41/47 MP: 4/4
  2036 | D:3      | Reached skill level 1 in Long Blades
  2301 | D:4      | Reached XP level 6. HP: 43/53 MP: 5/5
  2384 | D:4      | Reached skill level 5 in Armour
  2384 | D:4      | Reached skill level 5 in Shields
  2607 | D:4      | Found a transporter.
  2612 | D:4      | Noticed a kobold demonologist
  2715 | D:4      | Found a transporter.
  2741 | D:4      | Noticed Sigmund
  2751 | D:4      | Killed Sigmund
  2751 | D:4      | Reached skill level 5 in Fighting
  2751 | D:4      | Reached XP level 7. HP: 46/61 MP: 6/6
  2759 | D:4      | Found a staircase to the Ecumenical Temple.
  3115 | Temple   | Entered the Ecumenical Temple
  3878 | D:5      | Entered Level 5 of the Dungeon
  3888 | D:5      | Found Nummei's Armour Shoppe.
  3904 | D:5      | Reached skill level 5 in Long Blades
  3904 | D:5      | Reached XP level 8. HP: 52/69 MP: 7/7
  3989 | D:5      | Found a radiant altar of Vehumet.
  3992 | D:5      | Found a deep blue altar of Sif Muna.
  3996 | D:5      | Found a shadowy altar of Dithmenos.
  3998 | D:5      | Found an opulent altar of Gozag.
  3998 | D:5      | Found a sacrificial altar of Ru.
  3998 | D:5      | Found an ancient bone altar of Kikubaaqudgha.
  3998 | D:5      | Found a hide-covered altar of Uskayaw.
  3999 | D:5      | Found a stormy altar of Qazlal.
  4000 | D:5      | Found a bloodstained altar of Trog.
  4001 | D:5      | Found an ornate altar of the Wu Jian Council.
  4003 | D:5      | Found a white marble altar of Elyvilon.
  4004 | D:5      | Found a basalt altar of Yredelemnul.
  4193 | D:5      | Found Emmafom's Armour Shoppe.
  4304 | D:5      | Found Buuc's General Store.
  4874 | D:6      | Noticed Duvessa
  4874 | D:6      | Noticed Dowan
  4892 | D:6      | Killed Duvessa
  4896 | D:6      | Killed from afar by an orc priest

Skill      XL: |  1  2  3  4  5  6  7  8 |
---------------+-------------------------+-----
Fighting       | 4 5 6 |  6.0
Armour         | 4 5 6 |  6.6
Axes           | 3 |  3.7
Shields        | 4 5 6 |  6.7
Polearms       | 1 2 |  2.6
Dodging        | 1 2 |  2.5
Long Blades    | 1 3 5 6 |  6.1
Stealth        | |  0.3

Action                   |  1- 3 |  4- 6 |  7- 9 || total
-------------------------+-------+-------+-------++-------
Melee: War axe           |    69 |       |       ||    69
       Headbutt          |    15 |    53 |    29 ||    97
       Spear             |    32 |    45 |       ||    77
       Falchion          |       |   179 |    37 ||   216
       Long sword        |       |       |   101 ||   101
  Eat: Ration            |     1 |       |     3 ||     4
       Chunk             |       |     3 |     1 ||     4
Armor: Scale mail        |    68 |    59 |    31 ||   158
Dodge: Dodged            |    38 |    64 |    32 ||   134
Block: Shield            |    62 |    71 |    75 ||   208
       Rpst.: Falchion   |       |    12 |       ||    12
       Long sword        |       |       |     7 ||     7
